 Dungeon Crawl Stone Soup version 0.27-a0-1191-g601b473118 (console) character file.

Game seed: 12224522819021293179

4 jejorda2 the Poker (level 1, -4/27 HPs)
             Began as a Merfolk Berserker on May 24, 2021.
             Was a Follower of Trog.
             Slain by a kobold
             ... wielding a +2 vampiric short sword
              (6 damage)
             ... on level 1 of the Dungeon.
             The game lasted 00:00:25 (183 turns).

jejorda2 the Poker (Merfolk Berserker)               Turns: 183, Time: 00:00:26

Health: -4/27      AC:  2    Str: 17    XL:     1   Next: 70%
Magic:  1/1        EV: 12    Int:  6    God:    Trog [*.....]
Gold:   12         SH:  0    Dex: 13    Spells: 0/0 levels left

rFire    . . .     SeeInvis .   a - +0 spear
rCold    . . .     Faith    .   (no shield)
rNeg     . . .     Spirit   .   b - +0 animal skin
rPois    .         Reflect  .   (no helmet)
rElec    .         Harm     .   (no cloak)
rCorr    .         Rampage  .   (no gloves)
Will     .....                  (no boots)
Stlth    ..........             (no amulet)
HPRegen  0.09/turn              (no ring)
MPRegen  0.07/turn              (no ring)

@: berserking, very quick
A: (nimble swimmer 2), mertail
a: Renounce Religion, Berserk


You were on level 1 of the Dungeon.
You worshipped Trog.
Trog was aware of your devotion.
You visited 1 branch of the dungeon, and saw 1 of its levels.

You collected 12 gold pieces.

Inventory:

Hand Weapons
 a - a +0 spear (weapon)
Armour
 b - a +0 animal skin (worn)
Scrolls
 c - a scroll of summoning {unknown}


   Skills:
 + Level 3.3 Fighting
 * Level 4.6 Polearms
 + Level 1.5 Armour
 - Level 2.6 Dodging


You couldn't memorise any spells.
You didn't know any spells.
Your spell library was empty.

Dungeon Overview and Level Annotations

Branches:
Dungeon (1/15)

Altars:


Innate Abilities, Weirdness & Mutations

((You are quick and stealthy near water. (Stealth+, EV+, Speed+++)))
Your lower body shifts to a powerful aquatic tail in water.


Message History

You kill the endoplasm!
Trog accepts your kill.
No target in view!
Found a ring mail.
Found a stone staircase leading down.
A hobgoblin comes into view.
The hobgoblin shouts!
Found a dented silver amulet.
A kobold comes into view.
It is wielding a +2 vampiric short sword.
The kobold shouts!
You hear an angry hiss.
You hit the hobgoblin.
You kill the hobgoblin!
Trog accepts your kill.
A ball python comes into view.
You hit the kobold.
The kobold is severely wounded.
You closely miss the kobold.
The kobold is severely wounded.
The kobold hits you with a +2 vampiric short sword.
The kobold draws strength from your wounds!
You closely miss the kobold.
The kobold is heavily wounded.
The kobold hits you with a +2 vampiric short sword.
The kobold draws strength from your wounds!
You closely miss the kobold.
The kobold hits you with a +2 vampiric short sword.
You are too injured to fight recklessly!
You are too injured to fight recklessly!
You are too injured to fight recklessly!
You are too injured to fight recklessly!
You are too injured to fight recklessly!
The kobold hits you with a +2 vampiric short sword.
* * * LOW HITPOINT WARNING * * *
A red film seems to cover your vision as you go berserk!
You feel yourself moving faster!
You feel mighty! The kobold closely misses you.
You barely miss the kobold. You closely miss the kobold.
The kobold hits you with a +2 vampiric short sword.
You die...

#.####### # #.......#
#. #######.# #. #.#
#.### #.# ...## #####
#.# ... ...# #.# ##
#.# ###.######.# ..
#@# #..........#
#.###K####.#.########
#..[.S...#.#.#
#........#.#.#
#........#.#.#
#........#.#.#
..............#
.....>........###
####........###


You could see a ball python and a kobold.

Vanquished Creatures
  2 endoplasms (D:1)
  A hobgoblin (D:1)
  A ball python (D:1)
4 creatures vanquished.

Notes
Turn   | Place    | Note
-------+----------+-------------------------------------------
     0 | D:1      | jejorda2 the Merfolk Berserker began the quest for the Orb.
     0 | D:1      | Reached XP level 1. HP: 18/18 MP: 1/1
   183 | D:1      | Slain by a kobold

Illustrated notes

Levels and vault maps discovered:
D:1:      psy_arrival_radial02, layout_loops_ring,
          shapermc_ecumenical_altar_hornbeckon

Action                   || total
-------------------------++-------
Melee: Spear             ||    14
Invok: Berserk           ||     1
 Stab: Sleeping          ||     1
Armor: Animal skin       ||     1
Dodge: Dodged            ||     3

Table legend: (Time is in decaauts)
 A = Elapsed time spent in this place.
 B = Non-inter-level travel time spent in this place.
 C = Inter-level travel time spent in this place.
 D = Time resting spent in this place.
 E = Time spent auto-exploring this place.
 F = Levels seen in this place.
 G = Mean time per level.
                   A        B        C        D        E       F      G
               +--------+--------+--------+--------+--------+-----+--------+
         Total |    176 |    176 |      0 |      0 |    145 |   1 |  176.0 |
       Dungeon |    176 |    176 |      0 |      0 |    145 |   1 |  176.0 |
               +--------+--------+--------+--------+--------+-----+--------+

Top non-repeatable levels by time:
     D:1: 176 daAuts
